 Dungeon Crawl Stone Soup version 0.30-a0-913-g9934a0ce24 (webtiles) character file.

Game seed: 1008094525927701096

756 timneilson the Covered (level 7, -3/44 HPs)
             Began as a Gargoyle Fighter on Mar 19, 2023.
             Was a Follower of Okawaru.
             Slain by a black bear (5 damage)
             ... on level 5 of the Dungeon.
             The game lasted 00:07:55 (4459 turns).

timneilson the Covered (Gargoyle Fighter)           Turns: 4459, Time: 00:07:56

Health: -3/44      AC: 16    Str: 19    XL:     7   Next: 79%
Magic:  8/8        EV:  8    Int:  9    God:    Okawaru [*.....]
Gold:   79         SH:  9    Dex: 11    Spells: 6/6 levels left

rFire   . . .      SeeInvis .    a - +0 long sword (chaos)
rCold   + . .      Faith    .    t - +0 kite shield
rNeg    + . .      Spirit   .    b - +0 scale mail
rPois   ∞          Reflect  .    g - +0 helmet
rElec   +          Rampage  .    (no cloak)
rCorr   .                        n - +0 pair of gloves
Will    .....                    k - +0 pair of boots Stlth
                                 (no amulet)
HPRegen 0.27/turn                q - ring of protection from cold
MPRegen 0.11/turn                (no ring)

@: no status effects
A: sickness immunity, AC +4, negative energy resistance 1, electricity
resistance, torment resistance 1, petrification resistance
a: Renounce Religion, Heroism


You were on level 5 of the Dungeon.
You worshipped Okawaru.
Okawaru was aware of your devotion.
You visited 2 branches of the dungeon, and saw 6 of its levels.

You collected 209 gold pieces.
You spent 130 gold pieces at shops.

Inventory:

Hand Weapons
 a - a +0 long sword of chaos (weapon)
Armour
 b - a +0 scale mail (worn)
 g - a +0 helmet (worn)
 h - a +0 plate armour
 k - a +0 pair of boots (worn)
 n - a +0 pair of gloves (worn)
 t - a +0 kite shield (worn)
Jewellery
 q - a ring of protection from cold (left hand)
Wands
 p - a wand of flame (8)
Scrolls
 c - a scroll of torment {unknown}
 r - 2 scrolls of identify
 s - a scroll of poison
Potions
 d - 4 potions of might
 e - 2 potions of berserk rage
 f - 3 potions of cancellation
 i - a potion of haste
 j - a potion of resistance
 l - 2 potions of flight
 m - 3 potions of curing
 o - 2 potions of lignification


   Skills:
 + Level 4.4 Fighting
 * Level 4.1 Long Blades
 * Level 5.6 Armour
 + Level 2.0 Dodging
 * Level 5.5 Shields
 + Level 1.4 Invocations
 + Level 0.2 Evocations


You had 6 spell levels left.
You didn't know any spells.
Your spell library contained the following spells:

 Spells                   Type           Power      Damage    Failure   Level
 Scorch                   Fire           0%         2d5       99%         2
 Flame Wave               Conj/Fire      0%         2d4       100%        4
 Summon Cactus Giant      Summ           Unusable   N/A       N/A         6

Dungeon Overview and Level Annotations

Branches:
Dungeon (5/15)             Temple (1/1) D:4

Altars:
Dithmenos
Elyvilon
Fedhas
Hepliaklqana
Kikubaaqudgha
Nemelex Xobeh
Okawaru
Qazlal
Sif Muna
Uskayaw
Vehumet
The Shining One

Shops:
D:5 [*


Innate Abilities, Weirdness & Mutations

You are immune to sickness and miasma.
Your stone body is resilient. (AC +4)
You are immune to poison.
You resist negative energy. (rN+)
You are resistant to electric shocks. (rElec)
You are resistant to unholy torment.
You are immune to petrification.


Message History

The black bear claws you but does no damage.
The black bear bites you but does no damage.
You block the black bear's attack. x2
You closely miss the black bear.
The black bear bites you but does no damage.
The black bear barely misses you. You block the black bear's attack.
You hit the black bear.
Lightning courses through the black bear!
The black bear is severely wounded.
The black bear bites you but does no damage.
The black bear claws you. The black bear barely misses you.
You hit the black bear.
The black bear is almost dead.
The black bear goes berserk!
The black bear bites you.
The black bear claws you but does no damage. x2
You barely miss the black bear.
The black bear is severely wounded.
The black bear bites you. The black bear claws you.
You block the black bear's attack. The black bear bites you!
The black bear claws you but does no damage. x2
You barely miss the black bear.
The black bear is severely wounded.
The black bear bites you. You block the black bear's attack.
The black bear claws you. The black bear bites you!
* * * LOW HITPOINT WARNING * * *
You block the black bear's attack.
The black bear claws you but does no damage.
You hit the black bear.
The black bear suddenly seems more agile.
The black bear is almost dead.
The black bear barely misses you. The black bear closely misses you.
The black bear claws you but does no damage.
The black bear bites you.
* * * LOW HITPOINT WARNING * * *
The black bear completely misses you. The black bear barely misses you.
You hit the black bear.
The black bear is almost dead.
You block the black bear's attack. x2; The black bear misses you.
The black bear bites you.
You die...

#.#..#### #.#...[..
#.#.####. ....# #. #####
#. #. #.
#..############## #.
.....Wh@......†.#######.
###############.........
##########


You could see a black bear (berserk, agile) and a phantom.

Vanquished Creatures
  A basilisk (shapeshifter) (D:5)
  A phantom (D:5)
  A bullfrog (D:4)
  2 scorpions
  A howler monkey (D:5)
  A hound (D:4)
  4 orc wizards
  Robin (D:4)
  3 gnolls (D:4)
  6 adders
  2 ufetubi (D:4)
  A worm (D:4)
  2 dart slugs
  9 orcs
  3 endoplasms
  A giant cockroach (D:4)
  13 goblins
  7 hobgoblins
  8 kobolds
  9 quokkas
  6 ball pythons
  5 frilled lizards
  4 rats
91 creatures vanquished.

Vanquished Creatures (others)
  11 plants (D:4)
11 creatures vanquished.

Grand Total: 102 creatures vanquished

Notes
Turn   | Place    | Note
-------+----------+-------------------------------------------
     0 | D:1      | timneilson the Gargoyle Fighter began the quest for the
                  | Orb.
     0 | D:1      | Reached XP level 1. HP: 14/14 MP: 1/1
   108 | D:1      | Reached XP level 2. HP: 14/19 MP: 2/2
   983 | D:2      | Reached XP level 3. HP: 23/23 MP: 3/3
  1009 | D:2      | HP: 1/23 [orc/+0 hand axe (4)]
  1227 | D:2      | Reached XP level 4. HP: 28/28 MP: 4/4
  2622 | D:4      | Noticed Robin
  2624 | D:4      | Reached skill level 1 in Dodging
  2646 | D:4      | Killed Robin
  2647 | D:4      | Reached XP level 5. HP: 17/33 MP: 5/5
  2900 | D:4      | Found an ancient bone altar of Kikubaaqudgha.
  2933 | D:4      | Found a white marble altar of Elyvilon.
  2934 | D:4      | Found a shadowy altar of Dithmenos.
  3142 | D:4      | Reached XP level 6. HP: 19/38 MP: 6/6
  3526 | D:4      | Found a hazy altar of Hepliaklqana.
  3553 | D:4      | Found a hide-covered altar of Uskayaw.
  3565 | D:4      | Reached skill level 5 in Armour
  3660 | D:4      | Found a staircase to the Ecumenical Temple.
  3819 | Temple   | Entered the Ecumenical Temple
  4016 | Temple   | Became a worshipper of Warmaster Okawaru
  4068 | D:5      | Entered Level 5 of the Dungeon
  4093 | D:5      | Noticed a black bear
  4097 | D:5      | a black bear changed into a shapeshifter
  4097 | D:5      | Noticed a shapeshifter (shapeshifter)
  4097 | D:5      | a shapeshifter changed into a basilisk
  4097 | D:5      | Noticed a basilisk (shapeshifter)
  4104 | D:5      | Killed a basilisk
  4105 | D:5      | Reached skill level 5 in Shields
  4105 | D:5      | Reached XP level 7. HP: 43/43 MP: 7/7
  4136 | D:5      | Reached * piety under Okawaru
  4137 | D:5      | Reached skill level 1 in Invocations
  4245 | D:5      | Found Agumog's Antique Armour Boutique.
  4251 | D:5      | Bought a kite shield for 130 gold pieces
  4277 | D:5      | Found Qeff's Overcharged Wands.
  4458 | D:5      | HP: 2/44 [black bear (2)]
  4459 | D:5      | Slain by a black bear

Illustrated notes

Levels and vault maps discovered:
D:1:      dpeg_arrival_concentric_ovals, layout_basic
D:2:      layout_loops_corners, minmay_quadrilaterals
D:3:      layout_basic
D:4:      wad_woods_tower, layout_basic, nzn_hepliaklqana_mist_gate,
          mainiacjoe_overflow_tiny_flanked, nicolae_overflow_hidden_temple,
          minmay_temple_entry_grid, minmay_vboxes, uniq_robin
D:5:      layout_loops_ring, serial_shops, shop, nicolae_shop_overcharged_wands
Temple:   nicolae_temple_bog_church

Skill      XL: |  1  2  3  4  5  6  7 |
---------------+----------------------+-----
Long Blades    | 2 3 4 |  4.1
Armour         | 4 5 |  5.6
Shields        | 4 5 |  5.5
Dodging        | 1 2 |  2.0
Fighting       | 4 |  4.4
Invocations    | 1 |  1.4
Evocations     | |  0.2

Action                     |  1- 3 |  4- 6 |  7- 9 || total
---------------------------+-------+-------+-------++-------
  Melee: Long sword        |   108 |   231 |    56 ||   395
    Use: Scroll            |     4 |    10 |       ||    14
         Potion            |     3 |       |       ||     3
 Armour: Scale mail        |    59 |   153 |    45 ||   257
  Dodge: Dodged            |    63 |   151 |    28 ||   242
  Block: Buckler           |    32 |    75 |     8 ||   115
         Kite shield       |       |       |    28 ||    28

Table legend: (Time is in decaauts)
 A = Elapsed time spent in this place.
 B = Non-inter-level travel time spent in this place.
 C = Inter-level travel time spent in this place.
 D = Time resting spent in this place.
 E = Time spent auto-exploring this place.
 F = Levels seen in this place.
 G = Mean time per level.
                   A        B        C        D        E       F      G
               +--------+--------+--------+--------+--------+-----+--------+
         Total |   4583 |   4314 |    269 |     30 |   3299 |   6 |  763.8 |
       Dungeon |   4365 |   4126 |    239 |     30 |   3119 |   5 |  873.0 |
        Temple |    218 |    188 |     30 |      0 |    179 |   1 |  218.0 |
               +--------+--------+--------+--------+--------+-----+--------+

Top non-repeatable levels by time:
     D:4: 1331 daAuts
     D:2: 1122 daAuts
     D:1: 751 daAuts
     D:3: 750 daAuts
     D:5: 409 daAuts
  Temple: 218 daAuts
